 Dungeon Crawl Stone Soup version 0.31-a0-806-g0bc164a743 (webtiles) character file.

Game seed: 17435505308171939984

14 hikkokomori the Vexing (level 2, -1/22 HPs)
             Began as a Formicid Hexslinger on Sept 20, 2023.
             Succumbed to an adder's poison
             ... on level 2 of the Dungeon.
             The game lasted 00:00:46 (878 turns).

hikkokomori the Vexing (Formicid Hexslinger)         Turns: 878, Time: 00:00:47

Health: -1/22      AC:  2    Str: 12    XL:     2   Next: 60%
Magic:  3/3        EV: 12    Int: 12    God:
Gold:   34         SH:  0    Dex: 16    Spells: 3/3 levels left

rFire   . . .        a - +1 sling
rCold   . . .        (no shield)
rNeg    . . .        c - +0 robe
rPois   .            (helmet unavailable)
rElec   .            (no cloak)
rCorr   .            (no gloves)
SInv    +            (no boots)
Will    .....        (no amulet)
Stlth   +            (no ring)
HPRegen 0.23/turn    (no ring)
MPRegen 0.08/turn

%: no passive effects
@: brilliant, lethally poisoned (-1 -> -3)
A: permanent stasis, dig shafts and tunnels, antennae 3, four strong arms
a: Dig, Shaft Self


You were on level 2 of the Dungeon.
You visited 1 branch of the dungeon, and saw 2 of its levels.

You collected 34 gold pieces.

Inventory:

Hand Weapons
 a - a +1 sling (weapon)
Missiles
 e - 2 javelins
Armour
 c - a +0 robe (worn)
 h - an orb of mayhem
Scrolls
 b - a scroll of poison
 d - 3 scrolls of identify {unknown}
 f - 2 scrolls of brand weapon {unknown}
 i - a scroll of teleportation {unknown}


   Skills:
 + Level 1.6 Fighting
 + Level 2.2 Ranged Weapons
 - Level 1.7 Dodging
 - Level 1.1 Spellcasting
 + Level 3.9 Hexes
 + Level 1.3 Fire Magic


You had 3 spell levels left.
You didn't know any spells.
Your spell library contained the following spells:

 Spells                   Type           Power      Damage    Failure   Level
 Jinxbite                 Hex            30%        N/A       9%          2
 Sigil of Binding         Hex            15%        N/A       19%         3
 Inner Flame              Hex/Fire       10%        N/A       30%         3
 Cause Fear               Hex            7%         N/A       52%         4
 Dimensional Bullseye     Hex/Tloc       4%         N/A       80%         4


Dungeon Overview and Level Annotations

Branches:
Dungeon (2/15)

Altars:


Innate Abilities, Weirdness & Mutations

You cannot be hasted, slowed, berserked, paralysed or teleported.
You can dig through walls and to a lower floor.
You have a pair of large antennae on your head. (SInv)
Your four strong arms can wield two-handed weapons with a shield.


Message History

The adder closely misses you.
An adder is nearby!
You shoot a sling bullet.
The sling bullet barely misses the adder.
You feel sick.
You are no longer poisoned.
The adder bites you. x2
An adder is nearby!
You are too injured to fight recklessly!
You are too injured to fight recklessly!
An adder is nearby!
You are too injured to fight recklessly!
An adder is nearby!
You shoot a sling bullet.
The sling bullet barely misses the adder.
The adder barely misses you. The adder closely misses you.
You shoot a sling bullet.
The sling bullet completely misses the adder.
The adder bites you.
* * * LOW HITPOINT WARNING * * *
The adder bites you.
* * * LOW HITPOINT WARNING * * *
You shoot a sling bullet.
The sling bullet closely misses the adder.
The adder bites you.
* * * LOW HITPOINT WARNING * * *
You are lethally poisoned!
The adder poisons you!
Unknown command.
It was a potion of brilliance.
You feel clever all of a sudden.
* * * LOW HITPOINT WARNING * * *
You feel sick. The adder bites you but does no damage.
The adder barely misses you.
* * * LOW HITPOINT WARNING * * *
You feel sick. The adder attacks as it pursues you!
The adder barely misses you.
You shoot a sling bullet.
The sling bullet closely misses the adder.
You die...

#........#
#........#
#........###
#!........)
.###........###
...............
#...........
#S# #@# #.# #.#
##.# #..# #..#
#..######
#.......#
#.#####.##


You could see an adder.

Vanquished Creatures
  An endoplasm (D:1)
  A giant cockroach (D:1)
  A hobgoblin (D:1)
  2 quokkas (D:1)
  A ball python (D:1)
  A bat (D:1)
  A frilled lizard (D:1)
  3 goblins
  2 kobolds (D:1)
  3 rats (D:1)
16 creatures vanquished.

Notes
Turn   | Place    | Note
-------+----------+-------------------------------------------
     0 | D:1      | hikkokomori the Formicid Hexslinger began the quest for the
                  | Orb.
     0 | D:1      | Reached XP level 1. HP: 15/15 MP: 2/2
     0 | D:1      | Noticed a merfolk zombie
     0 | D:1      | Noticed a tengu
     3 | D:1      | Noticed a barachi
     6 | D:1      | Noticed a minotaur
     8 | D:1      | Noticed a merfolk zombie
    10 | D:1      | Noticed a felid
    14 | D:1      | Noticed a formicid
    14 | D:1      | Noticed a barachi
    18 | D:1      | Noticed a draconian
    20 | D:1      | Noticed a naga
   160 | D:1      | Reached XP level 2. HP: 21/21 MP: 3/3
   877 | D:2      | HP: 1/22 [poisoned by an adder]
   878 | D:2      | Succumbed to an adder's poison

Illustrated notes

Levels and vault maps discovered:
D:1:      shiori_arrival_whats_in_store_for_you, layout_basic
D:2:      layout_rooms, serial_shops, nicolae_shop_rolled_up, serial_curves,
          eino_curves_04, eino_curves_03, eino_curves_04,
          kennysheep_cross_bottleneck, chequers_mini_garden

Action                     || total
---------------------------++-------
   Fire: Sling             ||    39
    Use: Potion            ||     1
 Armour: Robe              ||    10
  Dodge: Dodged            ||    12

Table legend: (Time is in decaauts)
 A = Elapsed time spent in this place.
 B = Non-inter-level travel time spent in this place.
 C = Inter-level travel time spent in this place.
 D = Time resting spent in this place.
 E = Time spent auto-exploring this place.
 F = Levels seen in this place.
 G = Mean time per level.
                   A        B        C        D        E       F      G
               +--------+--------+--------+--------+--------+-----+--------+
         Total |    889 |    723 |    166 |      0 |    627 |   2 |  444.5 |
       Dungeon |    889 |    723 |    166 |      0 |    627 |   2 |  444.5 |
               +--------+--------+--------+--------+--------+-----+--------+

Top non-repeatable levels by time:
     D:1: 823 daAuts
     D:2: 66 daAuts
